 Dungeon Crawl Stone Soup version 0.30-a0-272-gf98c3da03f (webtiles) character file.

Game seed: 4942065228539442541

1124 gruber the Chiller (level 8, -1/58 HPs)
             Began as a Gnoll Ice Elementalist on Oct 15, 2022.
             Slain by an ice beast (9 damage)
             ... on level 6 of the Dungeon.
             The game lasted 00:05:54 (4871 turns).

gruber the Chiller (Gnoll Ice Elementalist)         Turns: 4871, Time: 00:05:56

Health: -1/58      AC: 10    Str:  8    XL:     8   Next: 35%
Magic:  1/17       EV: 12    Int: 17    God:
Gold:   421        SH:  9    Dex: 12    Spells: 12/19 levels left

rFire   + . .      SeeInvis .    G - +0 rapier
rCold   . . .      Faith    .    v - +0 buckler
rNeg    . . .      Spirit   .    t - +0 leather armour {Will+}
rPois   .          Reflect  +    (no helmet)
rElec   .          Harm     .    I - +0 cloak
rCorr   .          Rampage  .    l - +0 pair of gloves
Will    +....                    (no boots)
Stlth   +++.......               F - amulet of reflection
HPRegen 0.29/turn                o - ring of wizardry
MPRegen 0.15/turn                J - ring of protection from fire

@: ice-armoured, freezing walls
A: fangs 1, strong nose, distributed training
a: no special abilities


You were on level 6 of the Dungeon.
You visited 1 branch of the dungeon, and saw 6 of its levels.

You collected 421 gold pieces.

Inventory:

Hand Weapons
 A - a +0 sling
 G - a +0 rapier (weapon)
Missiles
 D - 2 throwing nets
Armour
 l - a +0 pair of gloves (worn)
 t - a +0 leather armour of willpower (worn)
 v - a +0 buckler (worn)
 I - a +0 cloak (worn)
Jewellery
 o - a ring of wizardry (left hand)
 u - a ring of flight
 F - an amulet of reflection (around neck)
 J - a ring of protection from fire (right hand)
Wands
 x - a wand of acid (5)
Scrolls
 a - 2 scrolls of magic mapping {unknown}
 c - 2 scrolls of brand weapon {unknown}
 d - 3 scrolls of fear {unknown}
 e - 2 scrolls of enchant weapon {unknown}
 f - 2 scrolls of immolation {unknown}
 g - 2 scrolls of silence {unknown}
 h - 2 scrolls of butterflies {unknown}
 m - a scroll of vulnerability {unknown}
 p - a scroll of acquirement {unknown}
 q - 3 scrolls of identify {unknown}
 w - a scroll of poison {unknown}
 y - a scroll of amnesia {unknown}
 z - 2 scrolls of blinking {unknown}
 C - a scroll of teleportation {unknown}
Potions
 b - a potion of magic
 i - 4 potions of flight {unknown}
 j - 2 potions of curing {unknown}
 k - 2 potions of mutation {unknown}
 n - 2 potions of attraction {unknown}
 r - 3 potions of ambrosia {unknown}
 s - 2 potions of brilliance {unknown}
 B - 2 potions of might {unknown}
 E - a potion of resistance {unknown}
 H - a potion of degeneration {unknown}


   Skills:
 + Level 3.3 Fighting
 + Level 3.3 Short Blades
 + Level 3.3 Long Blades
 + Level 3.3 Axes
 + Level 3.3 Maces & Flails
 + Level 3.3 Polearms
 + Level 3.3 Staves
 + Level 3.3 Ranged Weapons
 + Level 3.3 Throwing
 + Level 3.3 Armour
 + Level 5.7 Dodging
 + Level 5.4 Stealth
 + Level 3.3 Shields
 + Level 3.3 Unarmed Combat
 + Level 6.0 Spellcasting
 + Level 2.7 Conjurations
 + Level 2.7 Hexes
 + Level 2.7 Summonings
 + Level 2.7 Necromancy
 + Level 2.7 Translocations
 + Level 2.7 Transmutations
 + Level 2.7 Fire Magic
 + Level 7.6 Ice Magic
 + Level 2.7 Air Magic
 + Level 2.7 Earth Magic
 + Level 2.7 Poison Magic
 + Level 3.6 Invocations
 + Level 3.3 Evocations


You had 12 spell levels left.
You knew the following spells:

 Your Spells              Type           Power      Damage    Failure   Level
a - Freeze                Ice            100%       1d10      1%          1
b - Frozen Ramparts       Ice            62%        1d10      1%          3
c - Ozocubu's Armour      Ice            31%        N/A       1%          3

Your spell library contained the following spells:

 Spells                   Type           Power      Damage    Failure   Level
 Cigotuvi's Dreadful Rot  Necr/Pois/Air  28%        N/A       4%          2
 Poisonous Vapours        Pois/Air       28%        N/A       4%          2
 Static Discharge         Conj/Air       28%        2-4/arc   4%          2
 Gell's Gravitas          Tloc           14%        N/A       10%         3
 Lesser Beckoning         Tloc           28%        N/A       10%         3
 Mephitic Cloud           Conj/Pois/Air  14%        N/A       10%         3
 Teleport Other           Tloc           14%        N/A       10%         3
 Vhi's Electric Charge    Tloc/Air       28%        N/A       10%         3
 Summon Ice Beast         Ice/Summ       22%        N/A       12%         4
 Arcjolt                  Conj/Air       7%         1d17      61%         5
 Lightning Bolt           Conj/Air       7%         1d19      61%         5


Dungeon Overview and Level Annotations

Branches:
Dungeon (6/15)
 Temple: D:4-7

Altars:
Dithmenos
Fedhas
Kikubaaqudgha
Okawaru
Uskayaw
Vehumet
Xom

Annotations:
D:3 4 runed translucent doors, Crazy Yiuf; Multipenetrator's ghost, amateur MiGl


Innate Abilities, Weirdness & Mutations

You have very sharp teeth.
Your uncanny sense of smell can sniff out nearby items.
Your experience applies equally to all skills.


Message History

You closely miss the white imp.
You bite the white imp, but do no damage.
The white imp is severely wounded.
The ice beast completely resists.
The wall freezes the ice beast but does no damage.
The white imp resists.
The wall freezes the white imp.
The white imp hits you.
* * * LOW HITPOINT WARNING * * *
The white imp freezes you.
* * * LOW HITPOINT WARNING * * *
The wall freezes the black bear!
The black bear goes berserk!
Aiming: Corrosive Bolt
Press: ? - help, Shift-Dir - straight line, f - ice beast
Aim: an ice beast (74% to hit)
The bolt of acid hits the white imp!
The acid corrodes the white imp!
You kill the white imp!
The bolt of acid misses the ice beast.
The wall freezes the black bear but does no damage.
The wall freezes the ice beast but does no damage.
The wall freezes the black bear.
You kill the black bear!
Unknown command.
Unknown command.
That's the wrong kind of item! (Use * to select it.) Evoke which item? (* to show all) (? for menu, Esc to quit)
Aiming: Corrosive Bolt
Press: ? - help, Shift-Dir - straight line, f/p - ice beast
Aim: an ice beast (74% to hit)
The bolt of acid hits the ice beast!
The acid corrodes the ice beast!
The ice beast is heavily wounded.
The ice beast completely resists.
The wall freezes the ice beast but does no damage.
Unknown command.
You barely miss the ice beast. Your bite misses the ice beast.
The ice beast is heavily wounded.
The ice beast completely resists.
The wall freezes the ice beast but does no damage.
The ice beast hits you.
* * * LOW HITPOINT WARNING * * *
The ice beast freezes you!
You die...

... ..# .....# ... ..#
#..... #.. ....
##.....##.# .....
#......##.##..... .
.###.....##........ ..
.........##........ #...
.........)#......# .Y...
........)@Y....###.^....
..#.......##....<....#
....!....###.#......##
.........# ##......#
.........####......##
.....###..........##
..... #####.......#
.....##.####...#..#
..................#


You could see an ice beast (corroded).

Vanquished Creatures
  Menkaure (D:4)
  3 black bears
  A centaur (D:6)
  2 ogres
  2 scorpions
  A necrophage (D:5)
  A jelly (D:5)
  A hound (D:5)
  7 adders
  3 gnolls (D:4)
  A shadow imp (D:5)
  A white imp (D:6)
  3 ufetubi
  4 worms
  4 dart slugs
  10 orcs
  10 ball pythons
  9 bats
  7 endoplasms
  5 giant cockroaches
  5 goblins
  7 hobgoblins
  3 jackals
  4 quokkas
  5 frilled lizards
  5 kobolds
  5 rats
110 creatures vanquished.

Notes
Turn   | Place    | Note
-------+----------+-------------------------------------------
     0 | D:1      | gruber the Gnoll Ice Elementalist began the quest for the
                  | Orb.
     0 | D:1      | Reached XP level 1. HP: 13/13 MP: 6/6
   187 | D:1      | Reached XP level 2. HP: 19/19 MP: 5/7
  1022 | D:2      | Reached skill level 5 in Spellcasting
  1022 | D:2      | Reached XP level 3. HP: 25/25 MP: 5/9
  1029 | D:2      | Learned a level 3 spell: Frozen Ramparts
  1188 | D:2      | Learned a level 3 spell: Ozocubu's Armour
  1424 | D:2      | Reached skill level 1 in Invocations
  1543 | D:3      | Reached skill level 1 in Fighting
  1543 | D:3      | Reached skill level 1 in Short Blades
  1543 | D:3      | Reached skill level 1 in Long Blades
  1543 | D:3      | Reached skill level 1 in Axes
  1543 | D:3      | Reached skill level 1 in Maces & Flails
  1543 | D:3      | Reached skill level 1 in Polearms
  1543 | D:3      | Reached skill level 1 in Staves
  1543 | D:3      | Reached skill level 1 in Ranged Weapons
  1543 | D:3      | Reached skill level 1 in Throwing
  1543 | D:3      | Reached skill level 1 in Armour
  1543 | D:3      | Reached skill level 1 in Shields
  1543 | D:3      | Reached skill level 1 in Unarmed Combat
  1543 | D:3      | Reached skill level 1 in Evocations
  1589 | D:3      | Reached XP level 4. HP: 32/32 MP: 3/11
  1728 | D:3      | Reached skill level 1 in Conjurations
  1728 | D:3      | Reached skill level 1 in Hexes
  1728 | D:3      | Reached skill level 1 in Summonings
  1728 | D:3      | Reached skill level 1 in Necromancy
  1728 | D:3      | Reached skill level 1 in Translocations
  1728 | D:3      | Reached skill level 1 in Transmutations
  1728 | D:3      | Reached skill level 1 in Fire Magic
  1728 | D:3      | Reached skill level 1 in Air Magic
  1728 | D:3      | Reached skill level 1 in Earth Magic
  1728 | D:3      | Reached skill level 1 in Poison Magic
  1766 | D:3      | Noticed an ogre
  1776 | D:3      | Killed an ogre
  1777 | D:3      | Reached XP level 5. HP: 17/37 MP: 2/12
  2066 | D:3      | Found a runed translucent gate.
  2069 | D:3      | Found a runed translucent gate.
  2069 | D:3      | Noticed Multipenetrator's ghost (amateur MiGl)
  2070 | D:3      | Found a runed translucent gate.
  2217 | D:3      | Found a runed translucent door.
  2218 | D:3      | Noticed Crazy Yiuf
  2574 | D:3      | Found a glowing golden altar of the Shining One.
  2576 | D:3      | Found a blossoming altar of Fedhas.
  2576 | D:3      | Found a blossoming altar of Fedhas.
  2578 | D:3      | Found a broken altar of Ashenzari.
  2578 | D:3      | Found a shadowy altar of Dithmenos.
  2578 | D:3      | Found a shimmering altar of Xom.
  2986 | D:4      | Reached XP level 6. HP: 44/44 MP: 11/13
  3007 | D:4      | Noticed Menkaure
  3024 | D:4      | Killed Menkaure
  3025 | D:4      | Reached skill level 5 in Dodging
  3086 | D:4      | Found a shadowy altar of Dithmenos.
  3117 | D:4      | Noticed a black bear
  3123 | D:4      | Killed a black bear
  3124 | D:4      | Reached XP level 7. HP: 45/50 MP: 6/15
  3705 | D:4      | Found a radiant altar of Vehumet.
  3783 | D:4      | Found an ancient bone altar of Kikubaaqudgha.
  4068 | D:5      | Entered Level 5 of the Dungeon
  4084 | D:5      | Reached skill level 5 in Stealth
  4137 | D:5      | Found a hide-covered altar of Uskayaw.
  4452 | D:5      | Found an iron altar of Okawaru.
  4863 | D:6      | Reached XP level 8. HP: 42/58 MP: 6/16
  4871 | D:6      | Slain by an ice beast

Illustrated notes

Levels and vault maps discovered:
D:1:      nzn_arrival_depleted_hourglass, layout_basic
D:2:      layout_rooms
D:3:      minmay_bubble_buster, layout_basic, doesnt_xom_only_xom,
          biasface_ghost_orc_armoury, minmay_fractal_squares_5,
          uniq_crazy_yiuf_cottage
D:4:      layout_loops_cross, old_standard_altar,
          nicolae_overflow_crystal_walls, general_overflow_altar,
          kennysheep_generic_room_3, uniq_menkaure
D:5:      layout_basic, mainiacjoe_overflow_boulevard, old_standard_altar
D:6:      layout_cave_pools, mainiacjoe_overflow_surrounded_room,
          beargit_hepliaklqana_dungeon_heroes, temple_pool_b

Skill      XL: |  1  2  3  4  5  6  7  8 |
---------------+-------------------------+-----
Spellcasting   | 5 6 |  6.0
Invocations    | 1 2 3 |  3.6
Fighting       | 1 2 3 |  3.3
Short Blades   | 1 2 3 |  3.3
Long Blades    | 1 2 3 |  3.3
Axes           | 1 2 3 |  3.3
Maces & Flails | 1 2 3 |  3.3
Polearms       | 1 2 3 |  3.3
Staves         | 1 2 3 |  3.3
Ranged Weapons | 1 2 3 |  3.3
Throwing       | 1 2 3 |  3.3
Armour         | 1 2 3 |  3.3
Shields        | 1 2 3 |  3.3
Unarmed Combat | 1 2 3 |  3.3
Evocations     | 1 2 3 |  3.3
Conjurations   | 1 2 |  2.7
Hexes          | 1 2 |  2.7
Summonings     | 1 2 |  2.7
Necromancy     | 1 2 |  2.7
Translocations | 1 2 |  2.7
Transmutations | 1 2 |  2.7
Fire Magic     | 1 2 |  2.7
Air Magic      | 1 2 |  2.7
Earth Magic    | 1 2 |  2.7
Poison Magic   | 1 2 |  2.7
Dodging        | 5 |  5.7
Stealth        | 5 |  5.4
Ice Magic      | |  7.6

Action                   |  1- 3 |  4- 6 |  7- 9 || total
-------------------------+-------+-------+-------++-------
Melee: Unarmed           |     4 |       |       ||     4
       Short sword       |     8 |    56 |    20 ||    84
       Bite              |       |    12 |     7 ||    19
       Punch             |       |     1 |       ||     1
       Rapier            |       |       |    18 ||    18
 Fire: Sling             |       |    11 |    46 ||    57
 Cast: Freeze            |    37 |    21 |    25 ||    83
       Frozen Ramparts   |     2 |    11 |    13 ||    26
       Ozocubu's Armour  |     1 |     5 |     6 ||    12
Evoke: Wand              |       |     1 |     2 ||     3
 Stab: Sleeping          |       |       |     1 ||     1
Armor: Robe              |     4 |     5 |       ||     9
       Leather armour    |       |    10 |    39 ||    49
Dodge: Dodged            |    31 |    42 |    52 ||   125
Block: Buckler           |       |     5 |    43 ||    48

Table legend: (Time is in decaauts)
 A = Elapsed time spent in this place.
 B = Non-inter-level travel time spent in this place.
 C = Inter-level travel time spent in this place.
 D = Time resting spent in this place.
 E = Time spent auto-exploring this place.
 F = Levels seen in this place.
 G = Mean time per level.
                   A        B        C        D        E       F      G
               +--------+--------+--------+--------+--------+-----+--------+
         Total |   4883 |   4617 |    266 |      0 |   3818 |   6 |  813.8 |
       Dungeon |   4883 |   4617 |    266 |      0 |   3818 |   6 |  813.8 |
               +--------+--------+--------+--------+--------+-----+--------+

Top non-repeatable levels by time:
     D:3: 1513 daAuts
     D:4: 1100 daAuts
     D:1: 894 daAuts
     D:5: 752 daAuts
     D:2: 571 daAuts
     D:6: 50 daAuts
